 Dungeon Crawl Stone Soup version 0.26.1-11-gd32895ea62 (webtiles) character file.

Game seed: 14488897928244457169

46 Descartes the Grasshopper (level 3, -4/16 HPs)
             Began as a Felid Warper on June 22, 2021.
             Slain by Natasha (7 damage)
             ... on level 2 of the Dungeon.
             The game lasted 00:02:03 (2087 turns).

Descartes the Grasshopper (Felid Warper)            Turns: 2087, Time: 00:02:04

Health: -4/16      AC:  1    Str:  8    XL:     3   Next: 46%
Magic:  5/7        EV: 19    Int: 14    God:
Gold:   107        SH:  0    Dex: 15    Spells: 4/6 levels left
                                        Lives:  0   Deaths: 0

rFire    . . .     SeeInvis +     - Unarmed
rCold    . . .     Faith    .   (shield unavailable)
rNeg     . . .     Spirit   .   (armour unavailable)
rPois    .         Reflect  .   (helmet unavailable)
rElec    .         Harm     .   (cloak unavailable)
rCorr    .         Rampage  .   (gloves unavailable)
Will     .....                  (boots unavailable)
Stlth    +++.......             (no amulet)
HPRegen  0.05/turn              e - ring of flight
MPRegen  0.10/turn              (no ring)

@: slowed, slow
A: very small, no armour, no weapons or thrown items, stealth, claws 1, fangs 3,
see invisible, speed 1, shaggy fur 1, sharp paws
a: Evoke Flight


You were on level 2 of the Dungeon.
You visited 1 branch of the dungeon, and saw 2 of its levels.

You collected 107 gold pieces.

Inventory:

Jewellery
 e - a ring of flight (left paw)
Scrolls
 a - 3 scrolls of fear {unknown}
 b - a scroll of blinking
Potions
 c - a potion of attraction {unknown}
 d - a potion of brilliance {unknown}


   Skills:
 - Level 2.0 Fighting
 + Level 4.1 Dodging
 + Level 2.4 Stealth
 + Level 2.7 Unarmed Combat
 - Level 2.0 Spellcasting
 - Level 4.4 Translocations


You had 4 spell levels left.
You knew the following spells:

 Your Spells              Type           Power        Failure   Level
a - Blink                 Tloc           N/A          6%          2

Your spell library contained the following spells:

 Spells                   Type           Power        Failure   Level
 Gell's Gravitas          Tloc           6%           12%         3
 Lesser Beckoning         Tloc           6%           12%         3
 Teleport Other           Tloc           13%          12%         3
 Passage of Golubria      Tloc           N/A          36%         4


Dungeon Overview and Level Annotations

Branches:
Dungeon (2/15)

Altars:
Ru

Annotations:
D:2 Natasha


Innate Abilities, Weirdness & Mutations

You cannot wear armour.
You are incapable of wielding weapons or throwing items.
Your paws allow you to move quietly. (Stealth)
You have sharp claws.
You have razor-sharp teeth.
You have supernaturally acute eyesight. (SInv)
You cover ground quickly.
You are covered in fur. (AC +1)
Your sharp claws are effective at attacking unaware monsters.


Message History

Natasha, Servant of Life and Death comes into view.
Natasha hisses angrily.
Natasha casts a spell at you. The magic dart hits you.
Casting: Blink (safe; 6% risk of failure)
Confirm with . or Enter, or press ? or * to list all spells.
You blink.
Natasha is nearby!
Natasha claws you!
Ouch! That really hurt!
* * * LOW HITPOINT WARNING * * *
You are too injured to fight recklessly!
You scratch Natasha but do no damage. Your bite misses Natasha.
You barely miss Natasha.
Natasha stares at you and mumbles some strange words.
You feel yourself slow down.
You scratch Natasha. You bite Natasha.
Natasha is lightly wounded.
Natasha barely misses you. Natasha claws you!
You die...

##...#.###.#...
......#......#
#.#.##.###..##
..#.##.# #<#
#.# ##.## .#
#.###.†.#####.#
#.....#.....#.#
#..##...###.#.#
.....###.##
#@#.# #####.#
#.# #h#.# #.#
#.# #.#.######
#.# #.#
#......... ...
... #####h####
... #..


You could see Natasha.

Vanquished Creatures
  An adder (D:2)
  2 dart slugs (D:1)
  3 leopard geckos
  2 giant cockroaches
  3 goblins
  2 hobgoblins (D:1)
  3 jackals (D:1)
  4 kobolds
  5 bats
  4 frilled lizards
  A rat (D:1)
30 creatures vanquished.

Notes
Turn   | Place    | Note
-------+----------+-------------------------------------------
     0 | D:1      | Descartes the Felid Warper began the quest for the Orb.
     0 | D:1      | Reached XP level 1. HP: 9/9 MP: 4/4
   339 | D:1      | Reached skill level 1 in Stealth
   372 | D:1      | Reached XP level 2. HP: 8/13 MP: 6/6
  1234 | D:1      | Learned a level 2 spell: Blink
  1663 | D:2      | Reached XP level 3. HP: 13/16 MP: 7/7
  1841 | D:2      | Found a sacrificial altar of Ru.
  2078 | D:2      | Noticed Natasha
  2087 | D:2      | Slain by Natasha

Illustrated notes

Levels and vault maps discovered:
D:1:      doesnt_arrival_eight_statues, layout_basic, skrybe_limestone_x
D:2:      layout_loops_ring, nicolae_ru_the_path_less_chosen, uniq_natasha

Skill      XL: |  1  2  3 |
---------------+----------+-----
Stealth        | 1 2 |  2.4
Dodging        | 4 |  4.1
Fighting       | |  2.0
Unarmed Combat | |  2.7
Spellcasting   | |  2.0
Translocations | |  4.4

Action                   || total
-------------------------++-------
Melee: Unarmed           ||   119
       Bite              ||    11
       Punch             ||     1
 Cast: Blink             ||     2
 Stab: Sleeping          ||     7
Armor: Skin              ||     5
Dodge: Dodged            ||    93
